 Dungeon Crawl Stone Soup version 0.25.0-11-g1f837a76a1 (webtiles) character file.

Game seed: 7564583913946799738

10 nojaa the Grave Robber (level 2, 15/15 HPs)
             Began as a Kobold Necromancer on June 27, 2020.
             Quit the game on level 1 of the Dungeon.
             The game lasted 00:04:30 (530 turns).

nojaa the Grave Robber (Kobold Necromancer)          Turns: 530, Time: 00:04:31

Health: 15/15      AC:  3    Str:  5    XL:     2   Next: 30%
Magic:  5/5        EV: 15    Int: 16    God:
Gold:   53         SH:  0    Dex: 15    Spells: 4/6 levels left

rFire    . . .     SeeInvis .   (weapon restricted)
rCold    . . .     Gourm    .   (shield restricted)
rNeg     . . .     Faith    .   a - +1 robe
rPois    .         Spirit   .   (no helmet)
rElec    .         Reflect  .   (no cloak)
rCorr    .         Harm     .   (no gloves)
MR       .....                  (no boots)
Stlth    ++........             (no amulet)
HPRegen  0.05/turn              (no ring)
MPRegen  0.09/turn              (no ring)

@: no status effects
A: small, carnivore
a: no special abilities


You were on level 1 of the Dungeon.
You were completely stuffed.

You visited 1 branch of the dungeon, and saw 1 of its levels.

You collected 53 gold pieces.

Inventory:

Missiles
 b - 49 stones (quivered)
Armour
 a - a +1 robe (worn)
Scrolls
 d - 2 scrolls of teleportation
Potions
 f - a potion of flight {unknown}
Comestibles
 c - 3 rations
 g - a chunk of flesh


   Skills:
 - Level 2.4 Dodging
 - Level 2.6 Stealth
 * Level 2.6 Spellcasting
 * Level 4.2 Necromancy


You had 4 spell levels left.
You knew the following spells:

 Your Spells              Type           Power        Failure   Level  Hunger
a - Pain                  Necr           ###.         3%          1    #......
b - Animate Skeleton      Necr           N/A          3%          1    #......

Your spell library contained the following spells:

 Spells                   Type           Power        Failure   Level  Hunger
 Vampiric Draining        Necr           ###.......   10%         3    ###....
 Animate Dead             Necr           N/A          32%         4    #####..
 Agony                    Necr           ###.....     67%         5    ######.


Dungeon Overview and Level Annotations

Branches:
Dungeon (1/15)

Altars:


Innate Abilities, Weirdness & Mutations

You are small and have problems with some larger weapons.
You are carnivorous and can eat meat at any time.


Message History

Stop fighting!
What are your orders? t - Shout!
Orders for allies: a - Attack new target. r - Retreat! s - Stop attacking. g - Guard the area. f - Follow me.
Anything else - Cancel.
Gang up on whom?
Press: ? - help, Dir - move target cursor, f - bat
Aim: a bat Attack!
The bat misses you. The bat hits your bat skeleton.
Your bat skeleton closely misses the bat.
The bat completely misses your bat skeleton.
Your bat skeleton hits the bat.
The bat hits your bat skeleton.
Your bat skeleton hits the bat but does no damage.
Saving game... please wait.
Welcome back, nojaa the Kobold Necromancer.
Press ? for a list of commands and other information.
Are you sure you want to abandon this character and quit the game? (Confirm with "yes".)

.......# ... #.....÷#..#.
....... #.##.....[...#. #.....#
##.............. ......##
#............##. .......#
..##............
.......##########.#
#.........##.
..................#
#..........##
......#...........###..........#
....Z##.........@............#.#
..#############Z.####..........#
..# #....Z..........÷.>...## ..#
#..b......##............ ###
#.........##............
#...#########............ #.#.
##........... . . ##.....##### #
#######


You could see a bat, a friendly bat skeleton and a friendly rat skeleton.

Vanquished Creatures
  A giant cockroach (D:1)
  2 goblins (D:1)
  3 bats (D:1)
  A frilled lizard (D:1)
  A kobold (D:1)
  2 rats (D:1)
10 creatures vanquished.

Vanquished Creatures (collateral kills)
  A rat (D:1)
1 creature vanquished.

Grand Total: 11 creatures vanquished

Notes
Turn   | Place    | Note
-------+----------+-------------------------------------------
     0 | D:1      | nojaa the Kobold Necromancer began the quest for the Orb.
     0 | D:1      | Reached XP level 1. HP: 10/10 MP: 3/3
    10 | D:1      | Learned a level 1 spell: Animate Skeleton
   276 | D:1      | Reached XP level 2. HP: 15/15 MP: 3/5
   530 | D:1      | Quit the game

Illustrated notes

Levels and vault maps discovered:
D:1:      heliophobic_arrival_enchanted_forest, layout_rooms

Action                   || total
-------------------------++-------
Melee: Unarmed           ||     3
 Cast: Pain              ||    16
       Animate Skeleton  ||     4
  Use: Scroll            ||     2
  Eat: Chunk             ||     7
Armor: Robe              ||     1
Dodge: Dodged            ||     3
